 Dungeon Crawl Stone Soup version 0.28-a0-429-g1448048969 (webtiles) character file.

Game seed: 6215708953285394415

227636 demibob the Warrior (level 18, 0/240 (246) HPs)
             Began as a Demonspawn Berserker on July 2, 2021.
             Was a High Priest of Trog.
             Slain by a deep troll (8 damage)
             ... led by an ironbound preserver
             ... on level 1 of the Vaults on Sept 10, 2021.
             The game lasted 02:20:37 (44096 turns).

demibob the Warrior (Demonspawn Berserker)         Turns: 44096, Time: 02:20:38

HP:   0/240 (246)   AC: 21    Str: 26    XL:     18   Next: 68%
MP:   6/6           EV: 18    Int: 11    God:    Trog [*****.]
Gold: 1281          SH:  0    Dex: 24    Spells: 17/17 levels left

rFire   + + .      SeeInvis +   b - +3 triple sword (antimagic)
rCold   . . .      Faith    +   (shield currently unavailable)
rNeg    . . .      Spirit   .   H - +1 chain mail {rF+}
rPois   .          Reflect  .   (helmet unavailable)
rElec   +          Harm     .   h - +0 cloak of Wonder {Str+4 Int+3}
rCorr   .          Rampage  .   Y - +1 pair of gloves {Dex+3}
Will    ++...                   (no boots)
Stlth   ..........              T - amulet of faith {!P}
HPRegen 0.50/turn               f - ring of Xiwkosch {+Blink rElec rF+ Dex+4 Stlth-}
MPRegen 0.10/turn               E - +4 ring of evasion

@: berserking (expiring), lightly drained, very quick
A: antennae 3, rugged brown scales 2, ignite blood 3, spiny 2, demonic
willpower, wild magic 1
}: 1/15 runes: gossamer
a: Renounce Religion, Evoke Blink, Berserk, Trog's Hand, Brothers in Arms


You were on level 1 of the Vaults.
You worshipped Trog.
Trog was extremely pleased with you.
You visited 5 branches of the dungeon, and saw 28 of its levels.
You visited the Abyss 1 time.
You also visited: Ossuary and Gauntlet.

You collected 3265 gold pieces.
You spent 1984 gold pieces at shops.


Innate Abilities, Weirdness & Mutations

You have a pair of large antennae on your head. (SInv)
You are mostly covered in rugged brown scales. (AC +2, +5% HP)
Your demonic aura causes all spilled blood to erupt in flames.
You are mostly covered in sharp spines.
You punish those that try to bend your will. (Will+)
Your spells are a little harder to cast, but a little more powerful.


   Skills:
 - Level 18.2 Fighting
 - Level 11.6(15.6) Short Blades
 + Level 17.3(18.4) Long Blades
 - Level 16.0 Armour
 + Level 6.9 Dodging
 - Level 4.5 Evocations


You had 17 spell levels left.
You didn't know any spells.
Your spell library was empty.

Inventory:

Hand Weapons
 a - a +5 quick blade of venom
 b - a +3 antimagic triple sword (weapon)
 B - a +5 antimagic quick blade
 G - the +7 long sword of the Lusting Goat {elec, rF- Str+5}
   (You took it off a minotaur in a Gauntlet)

   It occasionally discharges a powerful burst of electricity upon striking a
   foe.
   Str:       It affects your strength (+5).
   rF:        It makes you vulnerable to fire.
 N - a +3 triple sword of freezing
Missiles
 i - an atropa-tipped dart
 J - 8 curare-tipped darts (quivered) {=f}
Armour
 h - the +0 cloak of Wonder (worn) {Str+4 Int+3}
   (You found it on level 12 of the Dungeon)

   Str:       It affects your strength (+4).
   Int:       It affects your intelligence (+3).
 H - a +1 chain mail of fire resistance (worn)
 W - the +4 plate armour of Otop {rPois rN++ Will- Int+4}
   (You found it on level 4 of the Lair of Beasts)

   Int:       It affects your intelligence (+4).
   rPois:     It protects you from poison.
   rN:        It greatly protects you from negative energy.
   Will:      It decreases your willpower.
 Y - a +1 pair of gloves of dexterity (worn)
Jewellery
 f - the ring of Xiwkosch (left hand) {+Blink rElec rF+ Dex+4 Stlth-}
   (You acquired it on level 1 of the Spider Nest)

   [ring of protection from fire]

   Dex:       It affects your dexterity (+4).
   rF:        It protects you from fire.
   rElec:     It insulates you from electricity.
   +Blink:    It lets you blink.
   Stlth:     It makes you less stealthy.
 y - a ring of willpower
 C - a ring of protection from cold
 E - a +4 ring of evasion (right hand)
 F - the ring of Lialuenu {Fire rPois Str-2 Dex+4}
   (You took it off an orc warrior on level 12 of the Dungeon)

   [ring of fire]

   It enhances your fire magic.
   Str:       It affects your strength (-2).
   Dex:       It affects your dexterity (+4).
   rF:        It protects you from fire.
   rC:        It makes you vulnerable to cold.
   rPois:     It protects you from poison.
 K - an amulet of reflection
 L - a ring of flight
 O - a +4 ring of protection
 T - an amulet of faith (around neck) {!P}
Wands
 e - a wand of digging (8)
 m - a wand of acid (10)
 o - a wand of iceblast (8)
 p - a wand of polymorph (26)
 t - a wand of charming (9)
 D - a wand of flame (114)
 X - a wand of mindburst (23)
Scrolls
 g - 17 scrolls of identify {@r1}
 q - 2 scrolls of blinking
 P - a scroll of enchant weapon
 Z - 3 scrolls of enchant armour
Potions
 j - a potion of cancellation
 l - 10 potions of lignification
 r - a potion of berserk rage {!q}
 I - 3 potions of magic
 M - 3 potions of curing {@q1}
 V - 2 potions of flight
Miscellaneous
 w - a piece from Xom's chessboard (15/15)
 z - a box of beasts
 A - a phantom mirror
 Q - a phial of floods
 R - a lightning rod (4/4)
 U - a condenser vane

Dungeon Overview and Level Annotations

Branches:
Dungeon (15/15)            Temple (0/1) D:6            Lair (6/6) D:11
 Shoals (0/4) Lair:2       Spider (4/4) Lair:2        Slime (0/5) Lair:6
    Orc (2/2) D:11            Elf (0/3) Orc:2        Vaults (1/5) D:14
 Depths (0/5) D:15        Ossuary (visited)         Gauntlet (visited)

Altars:
Dithmenos
Hepliaklqana
Kikubaaqudgha
Nemelex Xobeh
Sif Muna
Trog
Yredelemnul
The Shining One
Jiyva

Shops:
D:11 ([:[*   Orc:2 =*?[   Vaults:1 [*

Portals:
Abyss: D:9

Annotations:
D:9 dickylongcocking's ghost, journeyman DjWn
D:12 1 runed translucent door, ardl's ghost, journeyman MiFi
Lair:1 1 runed translucent door, flotson's ghost, journeyman OpBr

▒▒......▒ ▒▒......▒
▒▒...[..▒ ▒▒......▒ ▒
▒▒▒▒▒'▒▒▒▒.
▒.......▒.▒ ▒▒▒▒▒
▒.......▒.▒ ▒▒...▒▒
▒.......▒.▒ ▒...§°▒▒
'.......▒.▒▒+..T@☼)▒▒
▒.......'..▒▒.☼T○○▒.▒
▒.......▒..▒▒▒..○▒▒.▒
▒▒▒▒▒▒▒▒▒...▒▒▒▒▒▒.▒▒
▒ ▒▒....▒▒▒.▒▒
▒▒......▒▒.▒
▒▒.......▒ ▒▒▒+▒▒▒▒▒
▒.▒


You could see 2 deep trolls.


Message History

* * * LOW HITPOINT WARNING * * *
The deep troll misses you.
Things that are here:
a +0 flail; a +0 ring mail You closely miss the deep troll.
The deep troll is engulfed in blazing flames.
The deep troll barely misses you.
The deep troll claws you but does no damage.
The deep troll claws you.
* * * LOW HITPOINT WARNING * * *
The deep troll is struck by your spines.
The deep troll closely misses you. x2; The deep troll claws you.
* * * LOW HITPOINT WARNING * * *
The deep troll is engulfed in blazing flames.
The deep troll misses you.
The deep troll claws you but does no damage.
The deep troll completely misses you.
You closely miss the deep troll.
The deep troll is lightly wounded.
The deep troll is engulfed in blazing flames.
You kill the deep troll!
Trog accepts your kill.
Unknown command.
You slash the deep troll!
The deep troll is moderately wounded.
The deep troll is engulfed in blazing flames.
The deep troll is struck by your spines.
The deep troll bites you but does no damage.
The deep troll barely misses you. The deep troll claws you!
You die...

Skill      XL: |  1  2  3  4  5  6  7  8  9 10 11 12 13 14 15 16 17 18 |
---------------+-------------------------------------------------------+-----
Long Blades    | 3 6 9 11 12 13 14 16 17 | 17.3
Short Blades   | 1 2 3 4 5 7 9 10 11 | 11.6
Armour         | 2 3 4 6 8 9 11 12 14 15 16 | 16.0
Fighting       | 4 5 6 9 11 13 14 17 18 | 18.2
Evocations     | 4 |  4.5
Dodging        | 3 6 |  6.9

Action                   |  1- 3 |  4- 6 |  7- 9 | 10-12 | 13-15 | 16-18 || total
-------------------------+-------+-------+-------+-------+-------+-------++-------
Melee: Falchion          |    19 |       |       |       |       |       ||    19
       Short sword       |    53 |    88 |   247 |   311 |       |       ||   699
       Quick blade       |       |       |    11 |   428 |  1646 |  2371 ||  4456
       Long sword        |       |       |       |     4 |     9 |    15 ||    28
       Kick              |       |       |       |       |   788 |       ||   788
       Triple sword      |       |       |       |       |       |    62 ||    62
Throw: Dart              |       |       |       |       |       |     5 ||     5
Invok: Berserk           |       |     3 |     3 |     5 |     6 |    13 ||    30
       Trog's Hand       |       |       |     1 |     1 |     3 |     7 ||    12
       Brothers in Arms  |       |       |       |     2 |     4 |    11 ||    17
Evoke: Wand              |       |       |     1 |    15 |     4 |     5 ||    25
       Lightning rod     |       |       |       |       |     1 |       ||     1
       Phantom mirror    |       |       |       |       |       |     1 ||     1
       Box of beasts     |       |       |       |       |       |     1 ||     1
  Use: Scroll            |     4 |       |    12 |    16 |    13 |    16 ||    61
       Potion            |       |       |     2 |     8 |     6 |    15 ||    31
 Stab: Sleeping          |     2 |       |       |       |       |       ||     2
       Distracted        |     1 |       |       |       |       |       ||     1
Armor: Animal skin       |    11 |     7 |       |       |       |       ||    18
       Chain mail        |       |       |   128 |   271 |    29 |    55 ||   483
       Plate armour      |       |       |       |       |   336 |   732 ||  1068
Dodge: Dodged            |    28 |    43 |    77 |   164 |   351 |   774 ||  1437
       Rpst.: Falchion   |     1 |       |       |       |       |       ||     1

Levels and vault maps discovered:
D:1:      matt_arrival_diagonals, layout_basic, chequers_ecumenical_altar_lobes,
          kennysheep_small_spiral, serial_park_tiny_1, hangedman_decor_lopped
D:2:      layout_loops_ring, basic_altar
D:3:      layout_basic
D:4:      layout_cave_pods, overflow_temple_1_default, general_overflow_altar,
          nicolae_ossuary_entry_plus, uniq_sigmund
D:5:      layout_loops_ring, nicolae_tso_carved_into_rock
D:6:      layout_basic, minmay_temple_entry_arrows, hangedman_decor_riveting
D:7:      layout_basic
D:8:      layout_rooms, hellmonk_bongcloud_opening, minmay_gold_behind_fungi,
          hangedman_abyss_or_decor_jellyfish_corner, minmay_misc_feat_hallway,
          onia_ninara_dug_in_and_dangerous, uniq_harold
D:9:      layout_irregular_city, trog_butcher_becter,
          gammafunk_ghost_abyssal_escape
D:10:     layout_irregular_city, jmf_multi_god_temple, minivault_4
D:11:     layout_roguey, erik_lair_island, orc_0_dummy, serial_shops,
          nicolae_shop_behind_doors, nicolae_lakefront_shop,
          nicolae_diamond_shop, nicolae_shop_statue_plus, shop
D:12:     minmay_the_grid_four_pointed_star_mashed
          [minmay_the_grid_triangle_9x9_sprig,
          minmay_the_grid_triangle_9x9_steps,
          minmay_the_grid_triangle_9x9_empty,
          minmay_the_grid_triangle_9x9_thin_v,
          minmay_the_grid_prize_shrinking_boxes], layout_irregular_city,
          ebering_ghost_funeral_grove
D:13:     layout_roguey, uniq_erolcha
D:14:     layout_irregular_city, lightli_vaults_fourway_checkpoint,
          hangedman_decor_cross_pass, chequers_mini_garden
D:15:     hangedman_depths_entry_civil_slaughter, layout_basic,
          grunt_dithmenos_smoke_and_mirrors
Lair:1:   layout_small_grid, ebering_ghost_reflecting_pool,
          dpeg_stationary_puzzle, infiniplex_staircase_pool_2
Lair:2:   layout_cave_pods, minmay_shoals_entry_centaurs,
          spider_nest_entry_webs, chequers_serial_rivers_room_a
Lair:3:   layout_regular_city, gauntlet_entry_generic
Lair:4:   layout_small_grid, lemuel_fruit_tree, grunt_megastairs_2
Lair:5:   layout_hall_layers, minivault_23, minmay_holes
Lair:6:   minmay_lair_end_enchanted_forest, layout_loops_ring, slime_altar_1,
          minmay_lindwurm_lava, grunt_megastairs_4
Spider:1: layout_spider_delve
Spider:2: nicolae_spider_corner, nicolae_arachne_temple,
          hangedman_spider_tarantella_strand
Spider:3: layout_spider_delve
Spider:4: spider_rune_water, nicolae_spider_shape
Orc:1:    layout_caves, elf_legates
Orc:2:    grunt_orc_tribal_feast, layout_caves, uniq_donald
Vaults:1: st_smaller_cells, nicolae_vaults_little_ls, v_misc_14,
          grunt_vaults_diagonal, nicolae_vaults_asterisk, v_misc_19,
          vaults_room_ringed_pool, grunt_vaults_swirl, hangedman_vaults_snaps,
          v_misc_18, grunt_vaults_trifunnel, v_alt_pattern_5, v_alt_pattern_3,
          v_misc_29, nicolae_vaults_asterisk, grunt_vaults_hallway_short,
          layout_vaults_omnicross, serial_shops,
          nicolae_shop_competitors_out_of_business, shop, uniq_asterion

Notes
Turn   | Place    | Note
-------+----------+-------------------------------------------
     0 | D:1      | demibob the Demonspawn Berserker began the quest for the
                  | Orb.
     0 | D:1      | Reached XP level 1. HP: 18/18 MP: 1/1
   112 | D:1      | Reached skill level 3 in Long Blades
   580 | D:1      | Found a faded altar of an unknown god.
   644 | D:1      | Gained mutation: You are partially covered in sharp spines.
                  | [demonic ancestry]
   644 | D:1      | Reached XP level 2. HP: 24/24 MP: 2/2
   841 | D:2      | Found a shimmering blue altar of Sif Muna.
   885 | D:2      | Reached skill level 1 in Short Blades
  1089 | D:2      | Reached skill level 2 in Armour
  1089 | D:2      | Gained mutation: Your demonic aura sometimes causes spilled
                  | blood to erupt in flames. [demonic ancestry]
  1089 | D:2      | Reached XP level 3. HP: 29/29 MP: 3/3
  1264 | D:2      | Reached skill level 2 in Short Blades
  1795 | D:3      | Reached ** piety under Trog
  1831 | D:3      | Gained mutation: You have a pair of small antennae on your
                  | head. [demonic ancestry]
  1831 | D:3      | Reached XP level 4. HP: 35/35 MP: 4/4
  2159 | D:3      | You fall into a shaft and drop 2 floors!
  2159 | D:5      | Entered Level 5 of the Dungeon
  2173 | D:5      | Reached skill level 3 in Armour
  2286 | D:5      | Reached skill level 3 in Short Blades
  2286 | D:5      | Gained mutation: You have a pair of antennae on your head.
                  | [demonic ancestry]
  2286 | D:5      | Reached XP level 5. HP: 41/41 MP: 5/5
  2589 | D:5      | Identified the +0 leather armour "Qiakhus" {rN+}
  2649 | D:5      | Noticed a black bear
  2656 | D:5      | Killed a black bear
  2657 | D:5      | Reached skill level 4 in Armour
  2657 | D:5      | Reached XP level 6. HP: 47/47 MP: 6/6
  2783 | D:5      | Noticed a water moccasin
  2787 | D:5      | Killed a water moccasin
  2788 | D:5      | Reached skill level 4 in Short Blades
  3102 | D:5      | Reached skill level 4 in Fighting
  3102 | D:5      | Gained mutation: You are partially covered in rugged brown
                  | scales. (AC +1, +3% HP) [demonic ancestry]
  3102 | D:5      | Reached XP level 7. HP: 46/55 MP: 7/7
  3586 | D:4      | Found an ancient bone altar of Kikubaaqudgha.
  3617 | D:4      | Found a hazy altar of Hepliaklqana.
  3745 | D:4      | Noticed Sigmund
  3872 | D:4      | Killed Sigmund
  3873 | D:4      | Reached skill level 5 in Short Blades
  3885 | D:4      | Found a sand-covered staircase.
  3891 | Ossuary  | Entered an ossuary
  3973 | Ossuary  | Reached *** piety under Trog
  4064 | Ossuary  | Reached skill level 5 in Fighting
  4101 | Ossuary  | Reached XP level 8. HP: 51/64 MP: 8/8
  5264 | D:6      | Reached skill level 6 in Short Blades
  5295 | D:6      | Reached skill level 1 in Evocations
  5504 | D:6      | Reached skill level 2 in Evocations
  5543 | D:6      | Reached skill level 3 in Evocations
  5548 | D:6      | Found a staircase to the Ecumenical Temple.
  5647 | D:6      | Reached **** piety under Trog
  6173 | D:6      | Reached skill level 7 in Short Blades
  6376 | D:7      | Reached skill level 4 in Evocations
  6647 | D:7      | Gained mutation: You are mostly covered in rugged brown
                  | scales. (AC +2, +5% HP) [demonic ancestry]
  6647 | D:7      | Reached XP level 9. HP: 53/72 MP: 9/9
  6887 | D:7      | Gained mutation: Your magical capacity is low. (-10% MP)
                  | [potion of mutation]
  6894 | D:7      | Identified a scroll of acquirement
  6894 | D:7      | Acquired a +5 quick blade
  6943 | D:8      | Noticed a two-headed ogre
  6953 | D:8      | Reached skill level 8 in Short Blades
  6953 | D:8      | Reached skill level 5 in Armour
  6957 | D:8      | Killed a two-headed ogre
  6958 | D:8      | Reached skill level 6 in Armour
  6986 | D:8      | Noticed Harold
  6997 | D:8      | Killed Harold
  6998 | D:8      | Reached skill level 9 in Short Blades
  6998 | D:8      | Reached XP level 10. HP: 52/79 MP: 9/9
  7040 | D:8      | Reached skill level 7 in Armour
  7897 | D:9      | Reached skill level 10 in Short Blades
  7919 | D:9      | Reached skill level 8 in Armour
  7989 | D:9      | Found a bloodstained altar of Trog.
  8024 | D:9      | Found a one-way gate to the infinite horrors of the Abyss.
  8024 | D:9      | Noticed dickylongcocking's ghost (journeyman DjWn)
  8024 | D:9      | Noticed a cyan ugly thing
  8043 | D:9      | Found a transporter.
  8395 | D:9      | Noticed a worldbinder
  8398 | D:9      | Found a transporter.
  8418 | D:9      | Noticed a toenail golem
  8819 | D:10     | Entered Level 10 of the Dungeon
  8851 | D:10     | Reached skill level 6 in Fighting
  8884 | D:10     | Found a basalt altar of Yredelemnul.
  8884 | D:10     | Found a sparkling altar of Nemelex Xobeh.
  8891 | D:10     | Noticed a two-headed ogre
  8930 | D:10     | Killed a two-headed ogre
  8930 | D:10     | Reached ***** piety under Trog
  8974 | D:10     | Reached XP level 11. HP: 87/87 MP: 9/9
  9009 | D:10     | Noticed a five-headed hydra
  9015 | D:10     | Killed a five-headed hydra
  9016 | D:10     | Reached skill level 7 in Fighting
  9016 | D:10     | Reached skill level 11 in Short Blades
  9095 | D:10     | Noticed a two-headed ogre
  9106 | D:10     | Killed a two-headed ogre
  9255 | D:10     | Noticed a two-headed ogre
  9264 | D:10     | Killed a two-headed ogre
  9265 | D:10     | Reached skill level 4 in Long Blades
  9972 | D:11     | Noticed an eight-headed hydra
 10112 | D:11     | Noticed a centaur warrior
 10126 | D:11     | Killed a centaur warrior
 10132 | D:11     | Reached skill level 8 in Fighting
 10187 | D:11     | Found Uxelud's General Store.
 10223 | D:11     | You fall into a shaft and drop 1 floor!
 10281 | D:11     | Identified the +4 ring mail of Jooch {rElec rF- Int+4}
 10317 | D:11     | Reached skill level 5 in Long Blades
 10321 | D:11     | Killed an eight-headed hydra
 10422 | D:11     | Found a staircase to the Lair.
 10453 | D:11     | Found Bammaafy's Antique Armour Shop.
 10490 | D:11     | Noticed a two-headed ogre
 10494 | D:11     | Found Setyibepn's Weapon Shoppe.
 10494 | D:11     | Found a staircase to the Orcish Mines.
 10719 | D:11     | Killed a two-headed ogre
 10720 | D:11     | Reached skill level 9 in Fighting
 10720 | D:11     | Reached skill level 6 in Long Blades
 10725 | Lair:1   | Entered Level 1 of the Lair of Beasts
 10950 | Lair:1   | Gained mutation: You have a pair of large antennae on your
                  | head. (SInv) [demonic ancestry]
 10950 | Lair:1   | Reached XP level 12. HP: 97/99 MP: 10/10
 10978 | Lair:1   | Reached skill level 7 in Long Blades
 11374 | Lair:1   | Reached skill level 10 in Fighting
 11543 | Lair:1   | Found a runed translucent door.
 11543 | Lair:1   | Noticed flotson's ghost (journeyman OpBr)
 11868 | Lair:2   | Found a hole to the Spider Nest.
 11879 | Lair:2   | Noticed a seven-headed hydra
 11895 | Lair:2   | Killed a seven-headed hydra
 12045 | Lair:2   | Reached skill level 8 in Long Blades
 12201 | Lair:2   | Identified the +3 long sword "Demonspawn's Curse" {venom,
                  | rElec rC- rN+ Int+3}
 12212 | Lair:2   | Noticed a four-headed hydra
 12218 | Lair:2   | Received a gift from Trog
 12240 | Lair:2   | Killed a four-headed hydra
 12241 | Lair:2   | Reached skill level 11 in Fighting
 12485 | Lair:2   | Found a staircase to the Shoals.
 12918 | Lair:2   | Reached skill level 9 in Long Blades
 13430 | Lair:3   | Found a gate leading to a gauntlet.
 13441 | Lair:3   | Paralysed by a hornet for 3 turns
 13456 | Gauntlet | Entered a Gauntlet
 13456 | Gauntlet | Found a transporter.
 13456 | Gauntlet | Found a transporter.
 13610 | Gauntlet | Found a transporter.
 13622 | Gauntlet | Found a transporter.
 13622 | Gauntlet | Found a transporter.
 13623 | Gauntlet | Found a transporter.
 13626 | Gauntlet | Found a transporter.
 13626 | Gauntlet | Found a transporter.
 13629 | Gauntlet | Noticed a death yak
 13629 | Gauntlet | Noticed a death yak
 13629 | Gauntlet | Noticed a death yak
 13629 | Gauntlet | Noticed a death yak
 13631 | Gauntlet | Noticed a death yak
 13639 | Gauntlet | Found a transporter.
 13655 | Gauntlet | Found a transporter.
 13662 | Gauntlet | Noticed a ghost crab
 13665 | Gauntlet | Found a transporter.
 13681 | Gauntlet | Found a transporter.
 13700 | Gauntlet | Found a transporter.
 13712 | Gauntlet | Found a transporter.
 13753 | Gauntlet | Identified the -2 cloak of Hedge Wizardry {Stlth+}
 13813 | Gauntlet | Identified the +7 long sword of the Lusting Goat {elec, rF-
                  | Str+5}
 13813 | Gauntlet | Noticed a minotaur
 13830 | Gauntlet | Killed a minotaur
 13934 | Gauntlet | Identified a potion of resistance
 14133 | Lair:3   | Gained mutation: Your demonic aura often causes spilled
                  | blood to erupt in flames. [demonic ancestry]
 14133 | Lair:3   | Reached XP level 13. HP: 94/112 MP: 11/11
 14563 | Lair:3   | Reached skill level 12 in Fighting
 14586 | Lair:3   | Reached skill level 10 in Long Blades
 14739 | Lair:3   | Lost mutation: Your magical capacity is low. (-10% MP)
                  | [potion of mutation]
 14739 | Lair:3   | Gained mutation: You have sharp toenails. [potion of
                  | mutation]
 15022 | Lair:3   | Received a gift from Trog
 15855 | Lair:4   | Identified the +4 plate armour of Otop {rPois rN++ Will-
                  | Int+4}
 16619 | Lair:6   | Entered Level 6 of the Lair of Beasts
 16640 | Lair:6   | Reached skill level 13 in Fighting
 16640 | Lair:6   | Reached skill level 9 in Armour
 16661 | Lair:6   | Reached skill level 11 in Long Blades
 17016 | Lair:6   | Found a staircase to the Slime Pits.
 17016 | Lair:6   | Found a viscous altar of Jiyva.
 17300 | Lair:6   | Gained mutation: You punish those that try to bend your
                  | will. (Will+) [demonic ancestry]
 17300 | Lair:6   | Reached XP level 14. HP: 123/123 MP: 14/14
 17896 | Lair:6   | Reached skill level 10 in Armour
 18210 | Lair:6   | Identified the +9 flail of Foolhardiness {freeze, Str+5
                  | Int+4}
 18231 | Lair:6   | Reached ****** piety under Trog
 18231 | Lair:6   | Received a gift from Trog
 18706 | Orc:1    | Entered Level 1 of the Orcish Mines
 18707 | Orc:1    | Noticed an orc warlord
 18755 | Orc:1    | Killed an orc warlord
 18990 | Orc:1    | Reached skill level 12 in Long Blades
 19037 | Orc:1    | Reached skill level 14 in Fighting
 19203 | Orc:1    | Noticed an orc warlord
 19646 | Orc:1    | Killed an orc warlord
 20129 | Orc:1    | Received a gift from Trog
 20141 | Orc:2    | Entered Level 2 of the Orcish Mines
 20141 | Orc:2    | Noticed an orc warlord
 20230 | Orc:2    | Killed an orc warlord
 20485 | Orc:2    | Reached skill level 11 in Armour
 20668 | Orc:2    | Found a staircase to the Elven Halls.
 20872 | Orc:2    | Noticed Donald
 20889 | Orc:2    | Killed Donald
 20912 | Orc:2    | Received a gift from Trog
 22270 | Orc:2    | Reached XP level 15. HP: 125/133 MP: 15/15
 22280 | Orc:2    | Gained mutation: Your magical capacity is low. (-10% MP) [a
                  | neqoxec]
 22285 | Orc:2    | Gained mutation: You sometimes lose the ability to read
                  | scrolls when taking damage. [a neqoxec]
 22582 | Orc:2    | Found Musouwk's Jewellery Shoppe.
 22582 | Orc:2    | Found Baczopha's Assorted Antiques.
 22584 | Orc:2    | Found Sogetely's Magic Scroll Shoppe.
 22584 | Orc:2    | Found Iheferes's Antique Armour Boutique.
 22599 | Orc:2    | Bought a scroll of holy word for 112 gold pieces
 22600 | Orc:2    | Bought a pair of translucent boots for 237 gold pieces
 22600 | Orc:2    | Identified the +2 pair of boots of Leaves {rPois rF-
                  | Regen+} (You bought it in a shop on level 2 of the Orcish
                  | Mines)
 22602 | Orc:2    | Bought a scroll labelled QAYSOASK WOIG for 36 gold pieces
 22602 | Orc:2    | Bought a scroll labelled HOX LOLIOC for 36 gold pieces
 22888 | D:11     | Found Gifuawikh's Antique Armour Boutique.
 22897 | D:11     | Bought a fading scale mail for 261 gold pieces
 22897 | D:11     | Identified the +0 scale mail of Decompression {Contam rElec
                  | Regen+ Dex+3} (You bought it in a shop on level 11 of the
                  | Dungeon)
 23044 | D:11     | Found Uffifade's Book Shop.
 23053 | D:11     | Bought a manual of Fighting for 1040 gold pieces
 23150 | D:11     | Bought a pair of embroidered gloves for 262 gold pieces
 23246 | D:12     | Reached skill level 15 in Fighting
 23717 | D:12     | Received a gift from Trog
 24008 | D:12     | Identified the ring of Lialuenu {Fire rPois Str-2 Dex+4}
 24268 | D:12     | Found a runed translucent door.
 24270 | D:12     | Noticed ardl's ghost (journeyman MiFi)
 24271 | D:12     | Identified the +6 trident of Maadd {flame, rElec MP+9
                  | Int+4}
 24363 | D:12     | Identified the +0 cloak of Wonder {Str+4 Int+3}
 24429 | D:12     | Reached skill level 12 in Armour
 24770 | D:13     | Noticed Erolcha
 24797 | D:13     | Killed Erolcha
 25442 | D:13     | Reached skill level 16 in Fighting
 25922 | D:14     | Reached skill level 13 in Long Blades
 26313 | D:14     | Found a gate to the Vaults.
 26732 | D:14     | Reached skill level 17 in Fighting
 26791 | D:14     | Received a gift from Trog
 27298 | D:14     | Reached XP level 16. HP: 148/148 MP: 14/14
 27333 | D:14     | Lost mutation: You have sharp toenails. [potion of
                  | mutation]
 27333 | D:14     | Lost mutation: You sometimes lose the ability to read
                  | scrolls when taking damage. [potion of mutation]
 27333 | D:14     | Gained mutation: Your body sometimes deteriorates upon
                  | taking damage. [potion of mutation]
 27758 | D:14     | Upgraded the game from 0.27-a0-1431-gcffa5a9b16 to
                  | 0.28-a0-390-gb254ac4902
 27917 | Spider:1 | Entered Level 1 of the Spider Nest
 27971 | Spider:1 | Reached skill level 13 in Armour
 28669 | Spider:1 | Received a gift from Trog
 30031 | Spider:1 | Acquired the ring of Xiwkosch {+Blink rElec rF+ Dex+4
                  | Stlth-}
 30061 | Spider:2 | Reached skill level 2 in Dodging
 30191 | Spider:2 | Reached skill level 18 in Fighting
 30748 | Spider:2 | Reached skill level 14 in Long Blades
 30846 | Spider:2 | Received a gift from Trog
 30888 | Spider:2 | Reached skill level 3 in Dodging
 32576 | Spider:2 | Received a gift from Trog
 32981 | Spider:2 | Reached skill level 14 in Armour
 32982 | Spider:2 | Noticed Arachne
 33018 | Spider:2 | Killed Arachne
 33019 | Spider:2 | Gained mutation: Your demonic aura causes all spilled blood
                  | to erupt in flames. [demonic ancestry]
 33019 | Spider:2 | Reached XP level 17. HP: 154/157 MP: 15/15
 33664 | Spider:3 | Reached skill level 15 in Long Blades
 33733 | Spider:2 | Received a gift from Trog
 34408 | Spider:2 | Lost mutation: Your magical capacity is low. (-10% MP)
                  | [potion of mutation]
 34408 | Spider:2 | Lost mutation: Your body sometimes deteriorates upon taking
                  | damage. [potion of mutation]
 34408 | Spider:2 | Gained mutation: Your spells are a little harder to cast,
                  | but a little more powerful. [potion of mutation]
 35005 | Spider:4 | Entered Level 4 of the Spider Nest
 35374 | Spider:4 | Identified the +3 arbalest of Light {penet, rElec Will+
                  | Dex+3 Stlth+}
 36190 | Spider:4 | Received a gift from Trog
 36210 | Spider:4 | Reached skill level 15 in Armour
 37812 | Spider:4 | Reached skill level 16 in Long Blades
 37912 | Spider:4 | Got a gossamer rune of Zot
 38215 | D:11     | Upgraded the game from 0.28-a0-390-gb254ac4902 to
                  | 0.28-a0-429-g1448048969
 38323 | D:15     | Entered Level 15 of the Dungeon
 38425 | D:15     | Received a gift from Trog
 39076 | D:15     | Found a shadowy altar of Dithmenos.
 39361 | D:15     | Found a staircase to the Depths.
 39669 | D:15     | Gained mutation: You are mostly covered in sharp spines.
                  | [demonic ancestry]
 39669 | D:15     | Reached XP level 18. HP: 132/164 MP: 18/18
 39962 | Vaults:1 | Entered Level 1 of the Vaults
 39988 | Vaults:1 | Found Qugeskar's Antique Armour Emporium.
 40019 | Vaults:1 | Found Xakidem's Assorted Antiques.
 40399 | Vaults:1 | Received a gift from Trog
 40540 | Vaults:1 | Reached skill level 16 in Armour
 41101 | Vaults:1 | Reached skill level 4 in Dodging
 41820 | Vaults:1 | You are cast into the Abyss!
 41820 | Vaults:1 | Cast into level 3 of the Abyss (a wizard)
 41858 | Abyss:3  | Found a corrupted altar of Lugonu.
 41944 | Abyss:4  | Found a corrupted altar of Lugonu.
 41974 | Abyss:4  | Reached skill level 5 in Dodging
 41974 | Abyss:4  | Found a corrupted altar of Lugonu.
 42094 | Abyss:5  | Entered Level 5 of the Abyss
 42161 | Abyss:5  | Noticed a bone dragon
 42366 | Abyss:5  | Noticed a dread lich
 42717 | Abyss:5  | Noticed a profane servitor
 42735 | Vaults:1 | You pass through the gate.
 42735 | Vaults:1 | Escaped the Abyss
 42744 | Vaults:1 | Reached skill level 17 in Long Blades
 42763 | Vaults:1 | Killed a profane servitor
 42764 | Vaults:1 | Reached skill level 6 in Dodging
 43684 | Vaults:1 | Noticed Asterion
 43695 | Vaults:1 | Killed Asterion
 44093 | Vaults:1 | HP: 18/240 [deep troll[an ironbound preserver] (13)]
 44094 | Vaults:1 | HP: 8/240 [deep troll[an ironbound preserver] (6)]
 44096 | Vaults:1 | Slain by a deep troll

Vanquished Creatures
  A profane servitor (Vaults:1)
  Donald (Orc:2)
  4 vault wardens (Vaults:1)
  3 orc warlords
  A shard shrike simulacrum (Abyss:5)
  8 ghost moths
  2 emperor scorpions
  An ironbound preserver (Vaults:1)
  A stone giant (Vaults:1)
  3 entropy weavers
  A minotaur (Gauntlet)
  4 spark wasps
  An ettin (D:15)
  A fire dragon (D:13)
  2 yaktaur captains (Vaults:1)
  18 hydras
  Harold (D:8)
  An ironbound thunderhulk (Vaults:1)
  5 vault guards
  Erolcha (D:13)
  2 great orbs of eyes (Vaults:1)
  2 ogre magi (D:14)
  4 boulder beetles
  5 ironbound frosthearts (Vaults:1)
  3 death yaks (Lair:3)
  2 tengu warriors
  5 centaur warriors
  18 two-headed ogres
  4 orc high priests
  A thrashing horror (Abyss:5)
  A hell knight (D:15)
  A deep elf knight (Orc:1)
  8 skeletal warriors
  A wretched star (Abyss:4)
  4 deep trolls
  A spatial maelstrom (Abyss:5)
  A shadow wraith (Abyss:5)
  A phantasmal warrior (Vaults:1)
  6 ironbound convokers (Vaults:1)
  A necromancer (D:15)
  4 wizards
  2 large abominations (Abyss:5)
  19 ugly things
  6 deep elf pyromancers
  7 orc knights
  38 wolf spiders
  16 orb spiders
  7 orc sorcerers
  9 cyclopes
  4 manticores
  4 elephants (Lair:4)
  2 moths of wrath
  2 worldbinders
  An elephant (shapeshifter) (D:12)
  A toenail golem (D:9)
  4 vault sentinels (Vaults:1)
  A smoke demon (Abyss:5)
  7 black mambas
  A guardian serpent (Abyss:5)
  2 torpor snails
  2 gargoyles
  2 rime drakes
  14 cane toads
  An efreet (D:12)
  6 komodo dragons
  An unseen horror (D:12)
  14 demonic crawlers
  A tengu conjurer (D:15)
  13 yaktaurs
  30 jumping spiders
  9 polar bears
  6 trolls
  12 blink frogs
  12 dream sheep (Lair:6)
  19 hornets
  19 slime creatures
  A centaur simulacrum (D:14)
  78 redbacks
  12 spriggans (Lair:6)
  A shadow (D:12)
  55 tarantellas
  A wyvern (shapeshifter) (D:14)
  A water elemental (D:11)
  Sigmund (D:4)
  5 vampires
  A hog (shapeshifter) (D:15)
  2 wraiths
  2 wyverns
  41 yaks
  5 basilisks
  A human (shapeshifter) (D:14)
  A steam dragon (D:7)
  3 vampire mosquitoes (D:13)
  2 acid dragons
  6 wargs
  18 water moccasins
  31 orc warriors
  2 sky beasts
  3 black bears
  20 wolves
  9 ogres
  9 boggarts
  14 centaurs
  An elf zombie (Ossuary)
  2 kobold brigands
  12 bullfrogs
  7 scorpions
  A water moccasin zombie (D:6)
  6 small abominations
  10 killer bees
  9 electric eels
  5 howler monkeys
  6 centaur zombies
  A bullfrog zombie (D:5)
  8 hounds
  2 jellies
  2 human zombies (Ossuary)
  22 orc priests
  2 iguanas
  19 orc wizards
  7 hell rats (Lair:2)
  A killer bee zombie (D:7)
  A hound zombie (D:5)
  2 mummies (Ossuary)
  6 adders
  A shadow imp (D:6)
  3 ufetubi
  2 adder zombies (Ossuary)
  3 worms (D:2)
  2 dart slugs
  62 orcs
  5 endoplasms
  4 giant cockroaches
  3 goblins
  5 hobgoblins
  7 jackals
  3 quokkas
  7 ball pythons
  2 bats
  4 frilled lizards
  A goblin zombie (Ossuary)
  9 hobgoblin zombies (Ossuary)
  8 kobolds
  7 kobold zombies (Ossuary)
  11 orc zombies (Ossuary)
  3 rats
  A rat zombie (Ossuary)
1039 creatures vanquished.

Vanquished Creatures (collateral kills)
  Arachne (Spider:2)
  Asterion (Vaults:1)
  A two-headed ogre (D:14)
  A wretched star (Abyss:5)
  9 wolf spiders
  An orb spider (Spider:2)
  2 demonic crawlers (Spider:2)
  A komodo dragon (Lair:1)
  7 jumping spiders (Spider:2)
  A flying skull (Vaults:1)
  3 tarantellas (Spider:2)
  8 redbacks
  4 orc warriors
  4 ogres
  5 orcs
49 creatures vanquished.

Vanquished Creatures (others)
  33 fungi
  48 plants
  3 toadstools (D:8)
84 creatures vanquished.

Grand Total: 1172 creatures vanquished

Table legend: (Time is in decaauts)
 A = Elapsed time spent in this place.
 B = Non-inter-level travel time spent in this place.
 C = Inter-level travel time spent in this place.
 D = Time resting spent in this place.
 E = Time spent auto-exploring this place.
 F = Levels seen in this place.
 G = Mean time per level.
                   A        B        C        D        E       F      G
               +--------+--------+--------+--------+--------+-----+--------+
         Total |  41010 |  38694 |   2316 |  10211 |  21377 |  33 | 1242.7 |
       Dungeon |  16436 |  14993 |   1443 |   1802 |  10663 |  15 | 1095.7 |
          Lair |   6949 |   6490 |    459 |    701 |   4876 |   6 | 1158.2 |
   Spider Nest |   9232 |   8897 |    335 |   4060 |   3289 |   4 | 2308.0 |
  Orcish Mines |   3764 |   3688 |     76 |   1812 |   1328 |   2 | 1882.0 |
        Vaults |   2944 |   2944 |      0 |   1295 |   1109 |   1 | 2944.0 |
         Abyss |    762 |    762 |      0 |    128 |      0 |   3 |  254.0 |
       Ossuary |    462 |    462 |      0 |    187 |    111 |   1 |  462.0 |
      Gauntlet |    458 |    458 |      0 |    223 |      0 |   1 |  458.0 |
               +--------+--------+--------+--------+--------+-----+--------+

Top non-repeatable levels by time:
Spider:2: 3273 daAuts
Vaults:1: 2944 daAuts
Spider:4: 2641 daAuts
Spider:1: 2452 daAuts
   Orc:2: 2099 daAuts
    D:14: 1998 daAuts
   Orc:1: 1664 daAuts
  Lair:6: 1642 daAuts
  Lair:2: 1603 daAuts
    D:15: 1505 daAuts
    D:12: 1347 daAuts
     D:5: 1335 daAuts
    D:11: 1109 daAuts
  Lair:3: 1093 daAuts
     D:6: 1070 daAuts

Table legend:
 A = Non-vault XP
 B = Vault XP
 C = Vault XP percentage of total XP
 D = Non-vault monster count
 E = Vault monster count
 F = Vault count percentage of total count
                 A         B        C        D         E       F
            +---------+---------+-------+---------+---------+-------
      Total |  209279 |  139813 |  40.1 |     732 |     356 |  32.7
            +---------+---------+-------+---------+---------+-------
        D:1 |      23 |       0 |   0.0 |      14 |       0 |   0.0
        D:2 |      66 |       0 |   0.0 |      17 |       0 |   0.0
        D:3 |      44 |       0 |   0.0 |      19 |       0 |   0.0
        D:4 |     125 |     208 |  62.5 |       5 |       1 |  16.7
        D:5 |     643 |       0 |   0.0 |      21 |       0 |   0.0
        D:6 |     869 |       0 |   0.0 |      15 |       0 |   0.0
        D:7 |    1025 |       0 |   0.0 |      17 |       0 |   0.0
        D:8 |    2692 |    1028 |  27.6 |      14 |       1 |   6.7
        D:9 |    2188 |    1370 |  38.5 |      26 |       6 |  18.8
       D:10 |    3540 |    1223 |  25.7 |       8 |       2 |  20.0
       D:11 |    5041 |     829 |  14.1 |      30 |       8 |  21.1
       D:12 |    2748 |   10171 |  78.7 |       5 |      21 |  80.8
       D:13 |    6484 |     973 |  13.0 |      23 |       1 |   4.2
       D:14 |   22669 |    8077 |  26.3 |      36 |      12 |  25.0
       D:15 |   11163 |    4534 |  28.9 |      28 |       6 |  17.6
     Lair:1 |    5342 |     108 |   2.0 |      22 |       2 |   8.3
     Lair:2 |    8352 |     893 |   9.7 |      33 |       6 |  15.4
     Lair:3 |    6989 |    1353 |  16.2 |      22 |       2 |   8.3
     Lair:4 |    4106 |     554 |  11.9 |      11 |       2 |  15.4
     Lair:5 |    3319 |       0 |   0.0 |       7 |       0 |   0.0
     Lair:6 |   14769 |    8919 |  37.7 |      43 |      46 |  51.7
   Spider:1 |   22475 |     845 |   3.6 |      69 |       2 |   2.8
   Spider:2 |   17636 |   29912 |  62.9 |      39 |      68 |  63.6
   Spider:3 |    8693 |       0 |   0.0 |      25 |       0 |   0.0
   Spider:4 |   15256 |   23097 |  60.2 |      40 |      50 |  55.6
      Orc:1 |    5241 |    6671 |  56.0 |      35 |      12 |  25.5
      Orc:2 |    7294 |    9179 |  55.7 |      56 |      31 |  35.6
   Vaults:1 |   22054 |   27391 |  55.4 |      37 |      32 |  46.4
    Abyss:3 |     112 |     575 |  83.7 |       1 |       1 |  50.0
    Abyss:4 |    1537 |       0 |   0.0 |       3 |       0 |   0.0
    Abyss:5 |    6784 |       0 |   0.0 |      11 |       0 |   0.0
    Ossuary |       0 |     401 | 100.0 |       0 |      39 | 100.0
   Gauntlet |       0 |    1502 | 100.0 |       0 |       5 | 100.0
            +---------+---------+-------+---------+---------+-------
